 Dungeon Crawl Stone Soup version 0.25-a0-35-g747a2b3c0c (webtiles) character file.

Game seed: 17780097032604888796, levelgen mode: deterministic

8498 Peloso the Carver (level 11, -13/95 HPs)
             Began as a Minotaur Fighter on Oct 18, 2019.
             Was a Priest of Okawaru.
             Mangled by a cyan ugly thing (17 damage)
             ... on level 11 of the Dungeon.
             The game lasted 00:22:08 (11673 turns).

Peloso the Carver (Minotaur Fighter)               Turns: 11673, Time: 00:22:10

Health: -13/95     AC: 14    Str: 23    XL:     11   Next: 10%
Magic:  8/10       EV: 14    Int:  5    God:    Okawaru [***...]
Gold:   679        SH: 16    Dex: 16    Spells: 10/10 levels left

rFire    x . .     SeeInvis .   a - +0 long sword
rCold    + + .     Gourm    .   c - +1 shield
rNeg     . . .     Faith    +   b - +1 chain mail {rC+}
rPois    .         Spirit   .   (helmet restricted)
rElec    .         Reflect  .   C - scarf {cloud immunity}
rCorr    .         Harm     .   (no gloves)
MR       .....                  (no boots)
Stlth    ..........             d - amulet of faith
HPRegen  0.25/turn              v - ring of ice
MPRegen  0.12/turn              D - +5 ring of dexterity

@: heroism
A: retaliatory headbutt, horns 2
a: Heroism, Renounce Religion


You were on level 11 of the Dungeon.
You worshipped Okawaru.
Okawaru was most pleased with you.
You were not hungry.

You visited 2 branches of the dungeon, and saw 12 of its levels.

You collected 679 gold pieces.

Inventory:

Hand Weapons
 a - a +0 long sword (weapon)
 G - the +6 flail of the Extremely Mad {speed, rPois Int+6 Dex-2}
   (You found it on level 10 of the Dungeon)

   Attacks with this weapon are significantly faster.
   It affects your intelligence (+6).
   It affects your dexterity (-2).
   It protects you from poison.
Armour
 b - a +1 chain mail of cold resistance (worn)
 c - a +1 shield (worn)
 A - a +0 plate armour
 C - a scarf of cloud immunity (worn)
 E - +0 acid dragon scales
Jewellery
 d - an amulet of faith (around neck)
 v - a ring of ice (left hand)
 D - a +5 ring of dexterity (right hand)
Wands
 l - a wand of random effects (25)
 n - a wand of iceblast (38)
 q - a wand of clouds (8)
 t - a wand of acid (14)
 y - a wand of polymorph (15)
Scrolls
 g - 2 scrolls of enchant armour
 i - a scroll of blinking
 s - 2 scrolls of identify
 w - a scroll of amnesia
 x - 4 scrolls of teleportation
 z - 2 scrolls of remove curse
Potions
 h - 2 potions of ambrosia
 j - 3 potions of curing
 k - 3 potions of invisibility
 m - 3 potions of resistance
 o - 2 potions of brilliance
 p - a potion of magic
 r - a potion of flight {unknown}
 u - 2 potions of cancellation
 B - 4 potions of heal wounds {unknown}
Comestibles
 f - 21 rations


   Skills:
 + Level 8.3(13.3) Fighting
 + Level 12.7(17.7) Long Blades
 + Level 9.9(14.9) Armour
 + Level 3.3(8.3) Dodging
 + Level 1.0(6.0) Stealth
 + Level 10.6(15.6) Shields
 + Level 1.0 Evocations


You had 10 spell levels left.
You didn't know any spells.
Your spell library contained the following spells:

 Spells                   Type           Power        Failure   Level  Hunger
 Magic Dart               Conj           #...         93%         1    ##.....
 Searing Ray              Conj           #.....       98%         2    ###....
 Dazzling Spray           Conj/Hex       #.....       100%        3    ####...
 Force Lance              Conj/Tloc      #.......     100%        4    #####..
 Fulminant Prism          Conj/Hex       #.........   100%        4    #####..
 Iskenderun's Mystic Bla  Conj           #.......     100%        4    #####..
 Bolt of Magma            Conj/Fire/Erth #.........   100%        5    ######.
 Iskenderun's Battlesphe  Conj/Chrm      #.......     100%        5    ######.
 Venom Bolt               Conj/Pois      #.........   100%        5    ######.
 Iron Shot                Conj/Erth      #.........   100%        6    #######
 Orb of Destruction       Conj           #.........   100%        7    #######
 Spellforged Servitor     Conj/Summ      #.........   100%        7    #######


Dungeon Overview and Level Annotations

Branches:
Dungeon (11/15)            Temple (1/1) D:4            Lair (0/6) D:9
    Orc (0/2) D:9

Altars:
Ashenzari
Cheibriados
Dithmenos
Elyvilon
Fedhas
Gozag
Hepliaklqana
Kikubaaqudgha
Makhleb
Nemelex Xobeh
Okawaru
Qazlal
Ru
Sif Muna
Trog
Uskayaw
Vehumet
Wu Jian
Xom
Yredelemnul
Zin
The Shining One
Beogh

Shops:
D:8 [   D:10 *

Annotations:
D:6 3 runed translucent doors, flestrin's ghost, novice NaVM


Innate Abilities, Weirdness & Mutations

You reflexively headbutt those who attack you in melee.
You have a pair of horns on your head.


Message History

You hit the cyan ugly thing but do no damage.
You headbutt the cyan ugly thing.
The cyan ugly thing is severely wounded.
The cyan ugly thing barely misses you. You furiously retaliate!
You headbutt the cyan ugly thing. You barely miss the cyan ugly thing.
The cyan ugly thing is severely wounded.
The cyan ugly thing stings you!
* * * LOW HITPOINT WARNING * * *
The cyan ugly thing shocks you!
* * * LOW HITPOINT WARNING * * *
You hit the cyan ugly thing.
The cyan ugly thing is almost dead.
You hit the cyan ugly thing.
Your headbutt misses the cyan ugly thing.
The cyan ugly thing is almost dead.
The cyan ugly thing stings you.
* * * LOW HITPOINT WARNING * * *
The cyan ugly thing shocks you!
You die...

.# .# .... .# .# #.....
..# ## #..... ...# #
#.....####+#...#
#########..............#
.......................#
.......................#
................@u#
...[..............#
..................#
..................#
.............######
...........###
############


You could see a cyan ugly thing.

Vanquished Creatures
  A two-headed ogre (D:9)
  Pikel (D:7)
  2 centaur skeletons (D:11)
  3 trolls
  A hornet (D:10)
  Prince Ribbit (D:5)
  Sigmund (D:5)
  3 yaks
  A basilisk (D:9)
  3 wyverns (D:9)
  A steam dragon (D:11)
  3 hungry ghosts
  Edmund (D:4)
  An acid dragon (D:9)
  2 ice beasts
  A sky beast (D:5)
  5 orc warriors
  5 black bears
  3 centaurs
  5 ogres
  3 phantoms
  2 crocodiles (D:9)
  3 bullfrogs
  2 scorpions (D:7)
  2 troll zombies (D:9)
  3 killer bees (D:9)
  3 howler monkeys
  2 crimson imps
  3 jellies (D:8)
  A quasit (D:11)
  A centaur zombie (D:8)
  4 hounds
  3 orc priests
  3 bullfrog skeletons
  Ijyb (D:3)
  3 iguanas
  2 worker ants (D:8)
  4 ogre zombies (D:9)
  A hound skeleton (D:6)
  2 hound zombies
  A worker ant zombie (D:7)
  A howler monkey skeleton (D:4)
  11 adders
  4 shadow imps
  6 oozes
  2 adder skeletons
  An adder zombie (D:10)
  3 worms
  2 dart slugs
  5 leopard geckos
  34 orcs
  5 giant cockroaches
  6 goblins
  4 hobgoblins
  7 jackals
  2 quokkas (D:2)
  9 bats
  5 frilled lizards
  A goblin zombie (D:9)
  2 hobgoblin skeletons (D:9)
  A hobgoblin zombie (D:9)
  9 kobolds
  An orc skeleton (D:9)
  14 orc zombies (D:9)
  A quokka skeleton (D:4)
  9 rats
238 creatures vanquished.

Vanquished Creatures (others)
  A slave (D:7)
  A centaur (D:7)
  A worker ant (D:7)
  2 giant cockroaches (D:7)
5 creatures vanquished.

Grand Total: 243 creatures vanquished

Notes
Turn   | Place    | Note
-------+----------+-------------------------------------------
     0 | D:1      | Peloso the Minotaur Fighter began the quest for the Orb.
     0 | D:1      | Reached XP level 1. HP: 19/19 MP: 0/0
   194 | D:1      | Reached XP level 2. HP: 15/27 MP: 1/1
   712 | D:2      | Found a radiant altar of Vehumet.
   793 | D:2      | Reached skill level 3 in Long Blades
   798 | D:2      | Reached XP level 3. HP: 32/33 MP: 2/2
  1338 | D:3      | Reached XP level 4. HP: 40/40 MP: 3/3
  1488 | D:3      | Found a shimmering altar of Xom.
  1489 | D:3      | Found a shimmering altar of Xom.
  1500 | D:3      | Found a shimmering altar of Xom.
  1522 | D:3      | Found a shimmering altar of Xom.
  1523 | D:3      | Found a shimmering altar of Xom.
  1711 | D:3      | Noticed Ijyb
  1725 | D:3      | Killed Ijyb
  1783 | D:3      | Found a snail-covered altar of Cheibriados.
  1918 | D:4      | Reached skill level 4 in Long Blades
  2037 | D:4      | Noticed an ogre
  2040 | D:4      | Killed an ogre
  2040 | D:4      | Reached skill level 5 in Armour
  2040 | D:4      | Reached XP level 5. HP: 47/47 MP: 4/4
  2243 | D:4      | Reached XP level 6. HP: 51/55 MP: 5/5
  2267 | D:4      | Reached skill level 5 in Long Blades
  2267 | D:4      | Reached skill level 1 in Dodging
  2275 | D:4      | Noticed Edmund
  2284 | D:4      | Killed Edmund
  2284 | D:4      | Reached skill level 5 in Shields
  2604 | D:4      | Found a staircase to the Ecumenical Temple.
  2721 | Temple   | Entered the Ecumenical Temple
  3035 | D:4      | Noticed a moth of wrath
  3041 | D:4      | Found a bloodstained altar of Trog.
  3255 | D:5      | Entered Level 5 of the Dungeon
  3476 | D:5      | Reached skill level 5 in Fighting
  3476 | D:5      | Reached skill level 6 in Long Blades
  3476 | D:5      | Reached XP level 7. HP: 60/61 MP: 6/6
  3505 | D:5      | Found a stormy altar of Qazlal.
  3556 | D:5      | Noticed Prince Ribbit
  3566 | D:5      | Killed Prince Ribbit
  3844 | D:5      | Noticed a troll
  3854 | D:5      | Killed a troll
  3854 | D:5      | Reached skill level 7 in Long Blades
  3854 | D:5      | Reached XP level 8. HP: 10/69 MP: 7/7
  4374 | D:5      | Noticed Sigmund
  4394 | D:5      | Killed Sigmund
  4551 | D:5      | Reached skill level 1 in Evocations
  4670 | D:6      | Reached skill level 8 in Long Blades
  4683 | D:6      | Found a sparkling altar of Nemelex Xobeh.
  4695 | D:6      | Found a runed translucent gate.
  4696 | D:6      | Found a runed translucent gate.
  4696 | D:6      | Found a runed translucent gate.
  4699 | D:6      | Noticed flestrin's ghost (novice NaVM)
  4710 | D:6      | Found an ornate altar of the Wu Jian Council.
  4722 | D:6      | Reached skill level 1 in Stealth
  5595 | D:7      | Noticed Pikel
  5620 | D:7      | Killed Pikel
  5620 | D:7      | Reached skill level 9 in Long Blades
  5620 | D:7      | Reached XP level 9. HP: 14/78 MP: 8/8
  6323 | D:8      | Found a hide-covered altar of Uskayaw.
  6323 | D:8      | Found a white marble altar of Elyvilon.
  7491 | D:8      | Reached skill level 10 in Long Blades
  7669 | D:8      | Found a roughly hewn altar of Beogh.
  8032 | D:8      | Found Kotsosiqu's Armour Emporium.
  8160 | D:8      | Found an ancient bone altar of Kikubaaqudgha.
  8486 | D:8      | Found an iron altar of Okawaru.
  8588 | D:9      | Noticed a troll
  8604 | D:9      | Killed a troll
  8826 | D:9      | Reached XP level 10. HP: 64/84 MP: 9/9
  9043 | D:9      | Found a sacrificial altar of Ru.
  9215 | D:9      | Found a staircase to the Orcish Mines.
  9297 | D:9      | Reached skill level 11 in Long Blades
  9391 | D:8      | Became a worshipper of Warmaster Okawaru
  9622 | D:9      | Noticed a two-headed ogre
  9647 | D:9      | Killed a two-headed ogre
  9647 | D:9      | Reached * piety under Okawaru
 10028 | D:9      | Reached skill level 12 in Long Blades
 10067 | D:9      | Reached ** piety under Okawaru
 10067 | D:9      | Reached skill level 10 in Shields
 10262 | D:9      | Found a staircase to the Lair.
 10392 | D:10     | Entered Level 10 of the Dungeon
 10409 | D:10     | Got a crystal flail
 10410 | D:10     | Identified the +6 flail of the Extremely Mad {speed, rPois
                  | Int+6 Dex-2} (You found it on level 10 of the Dungeon)
 10503 | D:10     | Found Gehoren's General Store.
 10605 | D:9      | Reached *** piety under Okawaru
 11579 | D:11     | Reached XP level 11. HP: 85/94 MP: 10/10
 11654 | D:11     | Noticed a cyan ugly thing
 11673 | D:11     | HP: 4/95 [cyan ugly thing (4)]
 11673 | D:11     | Mangled by a cyan ugly thing

Levels and vault maps discovered:
D:1:      moated_graveyard_arrival, layout_basic
D:2:      layout_loops_cross, vehumet_crystals
D:3:      layout_loops_ring, lemuel_doored_altar, xom_redecorated, uniq_ijyb
D:4:      layout_basic, minmay_temple_entry_purple_smoke, first_ration,
          tgw_trog, uniq_edmund
D:5:      layout_basic, basic_altar, uniq_prince_ribbit1, uniq_sigmund
D:6:      layout_basic, nicolae_overflow_crystal_walls, kennysheep_mini,
          ebering_ghost_rock_garden, hangedman_decor_push
D:7:      layout_basic, uniq_pikel
D:8:      layout_loops_ring, lemuel_round_altar, nicolae_overflow_hidden_temple,
          chequers_temple_overflow_statue_of_worship, special_room
          [special_room_orc], serial_shops, nicolae_shop_trees,
          hangedman_little_slice_of_home
D:9:      layout_small_grid, lemuel_round_altar, erik_lair_dragon,
          zombieorc1_lemuel
D:10:     layout_cave_pools, serial_shops, shop
D:11:     layout_irregular_city, serial_shops, bzr_entry_customers, uniq_snorg,
          uniq_harold, uniq_sonja
Temple:   chequers_temple_sunken

Skill      XL: |  1  2  3  4  5  6  7  8  9 10 |
---------------+-------------------------------+-----
Armour         | 4 5 6 8 9 |  9.9
Fighting       | 4 5 6 8 |  8.3
Long Blades    | 3 4 6 7 9 10 12 | 12.7
Shields        | 4 5 6 7 9 10 | 10.6
Dodging        | 1 2 3 |  3.3
Evocations     | 1 |  1.0
Stealth        | 1 |  1.0

Action                   |  1- 3 |  4- 6 |  7- 9 | 10-12 || total
-------------------------+-------+-------+-------+-------++-------
Melee: Long sword        |    99 |   115 |   390 |   318 ||   922
       Headbutt          |    19 |    17 |    72 |    92 ||   200
Invok: Heroism           |       |       |       |     1 ||     1
Evoke: Wand              |       |     2 |     2 |       ||     4
  Use: Scroll            |     9 |       |     8 |     1 ||    18
       Potion            |       |       |     4 |       ||     4
  Eat: Chunk             |     1 |     4 |    11 |     9 ||    25
       Ration            |       |     1 |     2 |     1 ||     4
Armor: Scale mail        |    31 |    24 |       |       ||    55
       Chain mail        |       |    27 |   134 |   126 ||   287
Dodge: Dodged            |    26 |    31 |   104 |    92 ||   253
Block: Shield            |    50 |    62 |   256 |   213 ||   581
       Rpst.: Long sword |    13 |    11 |    19 |    25 ||    68

Table legend:
 A = Non-vault XP
 B = Vault XP
 C = Vault XP percentage of total XP
 D = Non-vault monster count
 E = Vault monster count
 F = Vault count percentage of total count
                 A         B        C        D         E       F
            +---------+---------+-------+---------+---------+-------
      Total |    8220 |    3921 |  32.3 |     160 |      78 |  32.8
            +---------+---------+-------+---------+---------+-------
        D:1 |      21 |       0 |   0.0 |      14 |       0 |   0.0
        D:2 |      74 |       0 |   0.0 |      30 |       0 |   0.0
        D:3 |      19 |      36 |  65.5 |      11 |       1 |   8.3
        D:4 |     325 |     174 |  34.9 |      10 |       6 |  37.5
        D:5 |     916 |     486 |  34.7 |      18 |       2 |  10.0
        D:6 |     379 |       0 |   0.0 |      15 |       0 |   0.0
        D:7 |     550 |     750 |  57.7 |       9 |       3 |  25.0
        D:8 |     625 |     776 |  55.4 |      10 |      31 |  75.6
        D:9 |    2959 |    1699 |  36.5 |      28 |      35 |  55.6
       D:10 |    1158 |       0 |   0.0 |       9 |       0 |   0.0
       D:11 |    1194 |       0 |   0.0 |       6 |       0 |   0.0
            +---------+---------+-------+---------+---------+-------
